 Dungeon Crawl Stone Soup version 0.30.0-29-ga12c61a403 (webtiles) character file.

Game seed: 4936815867529533412

82 Revguard the Magician (level 4, -2/34 HPs)
             Began as a Djinni Warper on June 20, 2023.
             Slain by a hobgoblin (4 damage)
             ... led by Robin
             ... on level 2 of the Dungeon.
             The game lasted 00:08:00 (1442 turns).

Revguard the Magician (Djinni Warper)               Turns: 1442, Time: 00:08:01

Health: -2/34      AC:  4    Str: 10    XL:     4   Next: 70%
Gold:   37         EV: 12    Int: 16    God:
                   SH:  0    Dex: 13

rFire   + + .        a - +0 short sword
rCold   x . .        (no shield)
rNeg    . . .        b - +0 leather armour
rPois   ∞            (no helmet)
rElec   .            (no cloak)
rCorr   .            i - +0 pair of gloves
SInv    .            (boots unavailable)
Will    .....        (no amulet)
Stlth   +            (no ring)
HPRegen 0.25/turn    (no ring)
MPRegen 0.00/turn

%: infuse magic (-3 HP)
@: attractive, flying
A: sickness immunity, fire resistance 2, cold vulnerability 1, float, innate
caster, HP casting, extra vitality 1
a: no special abilities


You were on level 2 of the Dungeon.
You visited 1 branch of the dungeon, and saw 2 of its levels.

You collected 37 gold pieces.

Inventory:

Hand Weapons
 a - a +0 short sword (weapon)
Missiles
 d - 7 boomerangs of dispersal
 h - 9 boomerangs
Armour
 b - a +0 leather armour (worn)
 i - a +0 pair of gloves (worn)
Scrolls
 c - a scroll of blinking
 e - 4 scrolls of teleportation {unknown}
 f - 2 scrolls of enchant armour {unknown}
 j - 2 scrolls of identify {unknown}
Potions
 g - a potion of attraction


   Skills:
 + Level 2.3 Fighting
 + Level 2.1 Short Blades
 - Level 0.7 Throwing
 + Level 1.6 Armour
 + Level 2.5 Dodging
 + Level 0.8 Stealth
 * Level 3.0 Spellcasting
 + Level 1.0 Evocations


You knew the following spells:

 Your Spells              Type           Power      Damage    Failure   Level
a - Blink                 Tloc           24%        N/A       11%         2
b - Lesser Beckoning      Tloc           24%        N/A       11%         2
c - Vhi's Electric Charg  Tloc/Air       24%        N/A       21%         3
d - Teleport Other        Tloc           12%        N/A       21%         3
e - Manifold Assault      Tloc           12%        N/A       56%         4
f - Necrotise             Necr           48%        1d6       7%          1
Your spell library was empty.

Dungeon Overview and Level Annotations

Branches:
Dungeon (2/15)

Altars:

Annotations:
D:2 Robin


Innate Abilities, Weirdness & Mutations

You are immune to sickness and miasma.
You are immune to poison.
Your flesh is very heat resistant. (rF++)
You are vulnerable to cold. (rC-)
You float through the air rather than walking.
You learn spells naturally, not from books.
Your magical power is your life essence.
You have superior vitality. (+4 MHP)


Message History

The hobgoblin closely misses you. The goblin hits you but does no damage.
You hit the hobgoblin.
The hobgoblin is almost dead.
Robin closely misses you. The hobgoblin closely misses you.
The goblin hits you with a +0 dagger.
You hit the hobgoblin.
You kill the hobgoblin!
Robin barely misses you. The goblin barely misses you.
Robin hits you with a +0 spear.
Items here: ))))) ††††††.
You hit Robin but do no damage. You barely miss Robin.
The goblin hits you with a +0 dagger. Robin misses you.
You barely miss Robin. The goblin hits you with a +0 dagger.
The goblin shouts!
The hobgoblin closely misses you. x2; Robin barely misses you.
Robin attacks as you move away! Robin hits you with a +0 spear.
* * * LOW HITPOINT WARNING * * *
The hobgoblin closely misses you. Robin closely misses you.
The goblin attacks as you move away! The goblin hits you but does no damage.
The hobgoblin closely misses you. x2; The goblin closely misses you.
The goblin attacks as you move away! The goblin barely misses you.
The hobgoblin attacks as you move away! The hobgoblin closely misses you.
The hobgoblin barely misses you. The goblin completely misses you.
The hobgoblin attacks as you move away! The hobgoblin hits you.
* * * LOW HITPOINT WARNING * * *
The hobgoblin no longer looks unusually strong.
The goblin no longer looks unusually strong.
Robin roars a battlecry!
The goblins go into a battle-frenzy!
There is an open door here.
You hit the hobgoblin but do no damage.
The hobgoblin no longer looks unusually strong.
The hobgoblin hits you.
* * * LOW HITPOINT WARNING * * *
It was a potion of attraction.
You feel attractive to monsters. The hobgoblin misses you.
Robin throws the goblin at you! The goblin barely misses you.
You closely miss the hobgoblin. The hobgoblin hits you.
You die...

####...#######.....
..
#............###.#.#
#............# .#.#
#............# # #
#.[..........#
#............###
#................
#.....g...........
#####@######......
#####g##### ......
###...g.....# ...g..
#.....g.....# ####g#
#)#.........#
#.#.........#
#.####..##### #.#
#..# #.. .....


You could see Robin, 2 hobgoblins and a goblin (strong).

Vanquished Creatures
  3 adders (D:2)
  A worm (D:2)
  A dart slug (D:2)
  3 endoplasms
  2 giant cockroaches (D:2)
  10 goblins
  5 hobgoblins
  7 kobolds
  A quokka (D:1)
  5 ball pythons
  3 bats (D:1)
  4 frilled lizards
  6 rats (D:1)
51 creatures vanquished.

Notes
Turn   | Place    | Note
-------+----------+-------------------------------------------
     0 | D:1      | Revguard the Djinni Warper began the quest for the Orb.
     0 | D:1      | Revguard set off with the following spells memorised:
                  | Blink, Lesser Beckoning, Vhi's Electric Charge, Teleport
                  | Other, Manifold Assault.
     0 | D:1      | Reached XP level 1. HP: 18/18 MP: 0/0
   162 | D:1      | Reached XP level 2. HP: 22/23 MP: 0/0
   521 | D:1      | Reached XP level 3. HP: 26/28 MP: 0/0
   521 | D:1      | Learned a level 1 spell: Necrotise
  1022 | D:2      | Reached XP level 4. HP: 24/33 MP: 0/0
  1324 | D:2      | Reached skill level 3 in Spellcasting
  1333 | D:2      | Reached skill level 1 in Evocations
  1365 | D:2      | Noticed Robin
  1440 | D:2      | HP: 1/34 [hobgoblin[Robin] (4)]
  1442 | D:2      | Slain by a hobgoblin

Illustrated notes

Levels and vault maps discovered:
D:1:      lemuel_arrival_room, layout_basic, supply_closet_lemuel
D:2:      minmay_general_purpose_star, layout_basic, basic_altar, serial_shops,
          shop, uniq_robin

Skill      XL: |  1  2  3  4 |
---------------+-------------+-----
Short Blades   | 2 |  2.1
Spellcasting   | 3 |  3.0
Evocations     | 1 |  1.0
Fighting       | |  2.3
Throwing       | |  0.7
Armour         | |  1.6
Dodging        | |  2.5
Stealth        | |  0.8

Action                     |  1- 3 |  4- 6 || total
---------------------------+-------+-------++-------
  Melee: Short sword       |   141 |   124 ||   265
         Punch             |     2 |     1 ||     3
  Throw: Boomerang         |       |     3 ||     3
   Cast: Vhi's Electric Ch |     1 |     2 ||     3
    Use: Potion            |       |     1 ||     1
   Stab: Sleeping          |     1 |       ||     1
 Armour: Leather armour    |    48 |    34 ||    82
  Dodge: Dodged            |    87 |    95 ||   182
